 Dungeon Crawl Stone Soup version 0.28.0-45-g0d030f2227 (webtiles) character file.

Game seed: 5452821082507344662

10434 CalmDownMonkey the Cleaver (level 11, 0/156 HPs)
             Began as a Minotaur Berserker on Apr 1, 2022.
             Was an Elder of Trog.
             Slain by a basilisk (1 damage)
             ... on level 2 of the Lair of Beasts on Apr 4, 2022.
             The game lasted 00:51:49 (11652 turns).

CalmDownMonkey the Cleaver (Minotaur Berserker)    Turns: 11652, Time: 00:51:49

Health: 0/156      AC:  7    Str: 26    XL:     11   Next: 36%
Magic:  10/10      EV:  7    Int:  4    God:    Trog [****..]
Gold:   546        SH: 10    Dex: 10    Spells: 10/10 levels left

rFire   . . .      SeeInvis .   R - +0 broad axe
rCold   . . .      Faith    .   r - +0 tower shield
rNeg    . . .      Spirit   .   L - +0 ring mail "Gaudijih" {rElec Will+ Slay+2}
rPois   .          Reflect  .   (helmet restricted)
rElec   +          Harm     .   (no cloak)
rCorr   .          Rampage  .   I - +0 pair of gloves
Will    ++...                   (no boots)
Stlth   ..........              (no amulet)
HPRegen 0.36/turn               k - ring of willpower
MPRegen 0.12/turn               (no ring)

@: berserking (expiring), lethally poisoned (0 -> -6), very quick
A: horns 2, retaliatory headbutt
a: Renounce Religion, Berserk, Trog's Hand, Brothers in Arms


You were on level 2 of the Lair of Beasts.
You worshipped Trog.
Trog was greatly pleased with you.
You visited 3 branches of the dungeon, and saw 12 of its levels.

You collected 546 gold pieces.

Inventory:

Hand Weapons
 a - a +0 hand axe
 d - a +2 spear of venom
 t - a +0 war axe
 J - a +0 dagger
 N - a +0 hunting sling
 R - a +0 broad axe (weapon)
Missiles
 h - 217 stones
 q - 29 poisoned darts
 x - 6 boomerangs (quivered)
 F - a throwing net
 M - a curare-tipped dart
Armour
 e - a +0 scale mail of cold resistance
 r - a +0 tower shield (worn)
 I - a +0 pair of gloves (worn)
 L - the +0 ring mail "Gaudijih" (worn) {rElec Will+ Slay+2}
   (You found it on level 8 of the Dungeon)

   Slay:      It affects your accuracy & damage with ranged weapons and melee
   (+2).
   rElec:     It insulates you from electricity.
   Will:      It increases your willpower.
 Q - a +0 plate armour
Jewellery
 k - a ring of willpower (left hand)
 l - a ring of magical power
Wands
 E - a wand of flame (39)
 G - a wand of charming (12)
Scrolls
 f - 3 scrolls of enchant armour
 i - 2 scrolls of fear
 j - a scroll of magic mapping
 n - a scroll of silence
 p - 2 scrolls of summoning {unknown}
 s - 4 scrolls of teleportation {unknown}
 y - 2 scrolls of amnesia
 A - 2 scrolls of immolation
 B - a scroll of holy word {unknown}
 H - 3 scrolls of identify
 P - 2 scrolls of blinking {unknown}
Potions
 b - 4 potions of curing {unknown}
 c - a potion of ambrosia {unknown}
 g - 2 potions of haste
 m - a potion of mutation {unknown}
 o - 2 potions of attraction {unknown}
 u - a potion of resistance {unknown}
 v - a potion of flight {unknown}
 w - 3 potions of heal wounds {unknown}
 z - a potion of lignification {unknown}
 C - a potion of magic {unknown}
 D - 2 potions of degeneration {unknown}
 K - 2 potions of berserk rage {unknown}
 O - a potion of might {unknown}


   Skills:
 + Level 11.7 Fighting
 + Level 14.8 Axes
 + Level 8.5 Throwing
 + Level 4.8 Armour
 - Level 2.1 Dodging
 + Level 1.6 Shields


You had 10 spell levels left.
You didn't know any spells.
Your spell library was empty.

Dungeon Overview and Level Annotations

Branches:
Dungeon (9/15)             Temple (1/1) D:7            Lair (2/6) D:9
  Swamp: Lair:2-4    Shoals: Lair:2-4     Snake: Lair:2-4    Spider: Lair:2-4
    Orc: D:9-12

Altars:
Ashenzari
Cheibriados
Dithmenos
Elyvilon
Fedhas
Gozag
Hepliaklqana
Kikubaaqudgha
Makhleb
Okawaru
Qazlal
Ru
Sif Muna
Trog
Vehumet
Wu Jian
Xom
Yredelemnul
Zin
The Shining One

Annotations:
D:7 2 transporters, WLBjork's ghost, novice MiFi
D:9 2 transporters, FLACIDUS's ghost, journeyman GrEE
Lair:2 1 runed translucent door, diceflayer's ghost, journeyman MiFi


Innate Abilities, Weirdness & Mutations

You have a pair of horns on your head.
You reflexively headbutt those who attack you in melee.


Message History

You barely miss the black mamba.
The black mamba is moderately wounded.
The black mamba bites you.
* * * LOW HITPOINT WARNING * * *
You are poisoned.
The black mamba poisons you!
The black mamba bites you but does no damage.
You barely miss the black mamba. Your headbutt misses the black mamba.
The black mamba is moderately wounded.
You feel very sick.
The black mamba bites you but does no damage.
The black mamba barely misses you.
You miss the black mamba.
The black mamba is moderately wounded.
You feel very sick. The black mamba bites you.
* * * LOW HITPOINT WARNING * * *
You miss the black mamba. You headbutt the black mamba!
The black mamba is severely wounded.
You feel very sick. The black mamba bites you!
* * * LOW HITPOINT WARNING * * *
The black mamba bites you!
* * * LOW HITPOINT WARNING * * *
You are too berserk!
You slice the black mamba!!
You feel the power of Trog in you as your rage grows.
You kill the black mamba!
Trog accepts your kill.
* * * LOW HITPOINT WARNING * * *
You feel sick.
You are too berserk!
* * * LOW HITPOINT WARNING * * *
You feel sick. You block the basilisk's attack.
Items here: ††††.
You slash the basilisk! Your headbutt misses the basilisk.
The basilisk is moderately wounded.
* * * LOW HITPOINT WARNING * * *
You feel sick. The basilisk bites you.
You die... ♣.. ..P≈P .PPP

... ♣.♣ # ♣♣♣♣♣.♣♣♣♣♣
l..
♣♣♣........†♣♣♣#...P.
............@ll...≈P.
♣.........♣♣♣#.....
♣♣♣♣♣.♣♣♣♣♣ ?..
♣.♣### # ♣....♣♣
♣..♣♣.♣♣ ♣...♣♣..♣
♣.♣♣♣♣.♣♣.♣ ♣♣♣...♣♣
♣♣


You could see 2 basilisks.

Vanquished Creatures
  2 two-headed ogres (D:9)
  An elephant (Lair:2)
  The ghost of kthxbai the Firebug, a novice OgFE (D:5)
  A black mamba (Lair:2)
  3 cane toads
  A kobold demonologist (D:9)
  3 komodo dragons
  A troll (D:9)
  4 blink frogs (Lair:1)
  2 wyverns
  8 yaks (Lair:2)
  A basilisk (Lair:2)
  An acid dragon (D:9)
  8 water moccasins
  An orc warrior (D:7)
  3 black bears
  3 necrophages
  An ogre (D:4)
  3 centaurs
  A phantom (D:6)
  3 kobold brigands
  3 bullfrogs
  A gnoll sergeant (D:9)
  A wyvern zombie (D:8)
  A scorpion (D:3)
  A water moccasin skeleton (D:5)
  9 killer bees (D:9)
  An electric eel (Lair:1)
  A bullfrog zombie (D:5)
  A centaur zombie (D:9)
  A gnoll shaman (D:8)
  Crazy Yiuf (D:5)
  A centaur skeleton (D:5)
  A hound (D:5)
  A bullfrog skeleton (D:4)
  2 iguanas
  Natasha (D:3)
  An orc wizard (D:6)
  4 killer bee zombies
  4 hound skeletons
  A howler monkey zombie (D:8)
  8 gnolls
  11 adders
  A white imp (D:7)
  An ufetubus (D:6)
  A worm (D:4)
  2 dart slugs
  20 orcs
  7 endoplasms
  5 giant cockroaches
  5 goblins
  6 hobgoblins
  3 jackals (D:4)
  25 kobolds
  A quokka (D:2)
  12 ball pythons
  5 bats
  6 frilled lizards
  5 rats
213 creatures vanquished.

Vanquished Creatures (others)
  14 plants
14 creatures vanquished.

Grand Total: 227 creatures vanquished

Notes
Turn   | Place    | Note
-------+----------+-------------------------------------------
     0 | D:1      | CalmDownMonkey the Minotaur Berserker began the quest for
                  | the Orb.
     0 | D:1      | Reached XP level 1. HP: 19/19 MP: 0/0
     8 | D:1      | Noticed a black bear
     8 | D:1      | Noticed an anaconda
     8 | D:1      | Noticed a wolf
     8 | D:1      | Noticed a scorpion
     8 | D:1      | Noticed a wyvern
    79 | D:1      | Reached skill level 4 in Axes
    96 | D:1      | Reached XP level 2. HP: 26/27 MP: 1/1
   483 | D:1      | Found a faded altar of an unknown god.
   796 | D:1      | Reached XP level 3. HP: 30/34 MP: 2/2
  1512 | D:2      | Reached ** piety under Trog
  1532 | D:2      | Found a hazy altar of Hepliaklqana.
  1551 | D:2      | Reached skill level 5 in Axes
  2014 | D:2      | Reached XP level 4. HP: 38/41 MP: 3/3
  2824 | D:3      | Noticed a scorpion
  2833 | D:3      | Killed a scorpion
  2834 | D:3      | Reached skill level 5 in Fighting
  2834 | D:3      | Reached skill level 6 in Axes
  2834 | D:3      | Reached XP level 5. HP: 33/48 MP: 4/4
  3082 | D:3      | Noticed Natasha
  3090 | D:3      | Killed Natasha
  3353 | D:3      | Found a broken altar of Ashenzari.
  3353 | D:3      | Found a shadowy altar of Dithmenos.
  3483 | D:4      | Noticed an ogre
  3495 | D:4      | Killed an ogre
  3496 | D:4      | Reached XP level 6. HP: 48/57 MP: 5/5
  3710 | D:4      | Reached skill level 7 in Axes
  3919 | D:4      | Reached *** piety under Trog
  4120 | D:4      | Reached skill level 1 in Throwing
  4234 | D:5      | Entered Level 5 of the Dungeon
  4324 | D:5      | Found a runed translucent door.
  4324 | D:5      | Noticed kthxbai's ghost (novice OgFE)
  4445 | D:5      | Reached XP level 7. HP: 64/64 MP: 6/6
  4485 | D:5      | Reached skill level 8 in Axes
  5020 | D:5      | Found a runed translucent door.
  5021 | D:5      | Noticed Crazy Yiuf
  5026 | D:5      | Killed Crazy Yiuf
  5166 | D:5      | Killed kthxbai's ghost
  5167 | D:5      | Reached skill level 9 in Axes
  5167 | D:5      | Reached XP level 8. HP: 73/73 MP: 7/7
  5819 | D:7      | Reached skill level 10 in Axes
  6110 | D:7      | Noticed a white ugly thing
  6110 | D:7      | Noticed WLBjork's ghost (novice MiFi)
  6111 | D:7      | Found a transporter.
  6511 | D:7      | Found a staircase to the Ecumenical Temple.
  6517 | Temple   | Entered the Ecumenical Temple
  6679 | D:7      | Found a transporter.
  7134 | D:8      | Identified the +0 ring mail "Gaudijih" {rElec Will+ Slay+2}
  7166 | D:8      | Reached XP level 9. HP: 56/82 MP: 8/8
  7391 | D:8      | Reached skill level 11 in Axes
  8204 | D:9      | Noticed a two-headed ogre
  8217 | D:9      | Killed a two-headed ogre
  8218 | D:9      | Reached skill level 12 in Axes
  8218 | D:9      | Reached skill level 5 in Throwing
  8859 | D:9      | Noticed FLACIDUS's ghost (journeyman GrEE)
  8869 | D:9      | Found a transporter.
  8869 | D:9      | Noticed a centaur warrior
  8870 | D:9      | Noticed a two-headed ogre
  9100 | D:9      | Found a blossoming altar of Fedhas.
  9104 | D:9      | Found an ancient bone altar of Kikubaaqudgha.
  9106 | D:9      | Found a staircase to the Lair.
  9135 | D:9      | Noticed a troll
  9142 | D:9      | Killed a troll
  9152 | D:9      | Reached XP level 10. HP: 73/93 MP: 9/9
  9262 | D:9      | Reached skill level 10 in Fighting
  9266 | D:9      | Reached **** piety under Trog
  9305 | D:9      | Noticed a sun demon
  9315 | D:9      | Reached skill level 13 in Axes
  9511 | D:9      | Noticed a two-headed ogre
  9519 | D:9      | Killed a two-headed ogre
  9622 | D:9      | Found a glowing silver altar of Zin.
  9637 | D:9      | Found a transporter.
  9647 | D:9      | Noticed a shining eye
  9660 | D:9      | Noticed an eye of devastation
  9660 | D:9      | a shining eye changed into an eye of devastation
  9692 | D:9      | Noticed a torpor snail
  9755 | Lair:1   | Entered Level 1 of the Lair of Beasts
  9755 | Lair:1   | Noticed a cane toad
  9765 | Lair:1   | Killed a cane toad
  9832 | Lair:1   | Reached skill level 14 in Axes
  9861 | Lair:1   | Noticed a cane toad
  9865 | Lair:1   | Killed a cane toad
 11143 | Lair:2   | Reached XP level 11. HP: 102/102 MP: 10/10
 11414 | Lair:2   | Found a runed translucent door.
 11414 | Lair:2   | Noticed diceflayer's ghost (journeyman MiFi)
 11631 | Lair:2   | Reached skill level 1 in Shields
 11649 | Lair:2   | HP: 6/156 [black mamba (8)]
 11652 | Lair:2   | HP: 1/156 [poisoned by a black mamba]
 11652 | Lair:2   | Slain by a basilisk

Illustrated notes

Levels and vault maps discovered:
D:1:      onia_arrival_zoo_common, layout_rooms,
          shapermc_ecumenical_altar_totnotflames, minmay_crystal_room,
          minmay_tetromino_l2
D:2:      layout_loops_corners, basic_altar, minmay_misc_feat_square
D:3:      wad_lake_hut, layout_loops_ring,
          chequers_temple_overflow_statue_of_worship,
          kennysheep_generic_room_10, uniq_natasha
D:4:      layout_rooms
D:5:      layout_loops_ring, hellmonk_ghost_happy_afterlife,
          uniq_crazy_yiuf_cottage
D:6:      layout_basic
D:7:      layout_loops_ring, minmay_temple_entry_steel_oval,
          gammafunk_ghost_arena
D:8:      layout_loops_cross, nicolae_overflow_hidden_temple
D:9:      layout_basic, grunt_temple_overflow_growth_and_decay, zin_academy,
          lair_entry_dummy, nzn_ghost_randoct
Temple:   regret_index_temple_waves
Lair:1:   layout_long_grid, serial_bayou_shore_a, infiniplex_staircase_pool_2,
          grunt_megastairs_2
Lair:2:   nzn_winding_woodlands_three_and_one
          [nzn_winding_woodlands_5x15_garden,
          nzn_winding_woodlands_5x15_default,
          nzn_winding_woodlands_5x15_crooked,
          nzn_winding_woodlands_center_garden], layout_regular_city,
          elwin_shoals_entry_rocks, minmay_snake_entry_spellcaster,
          gammafunk_ghost_grave

Skill      XL: |  1  2  3  4  5  6  7  8  9 10 11 |
---------------+----------------------------------+-----
Fighting       | 4 5 6 7 8 9 11 | 11.7
Axes           | 4 5 6 7 9 10 12 14 | 14.8
Throwing       | 1 3 4 6 8 |  8.5
Armour         | 3 4 |  4.8
Shields        | 1 |  1.6
Dodging        | |  2.1

Action                   |  1- 3 |  4- 6 |  7- 9 | 10-12 || total
-------------------------+-------+-------+-------+-------++-------
Melee: Hand axe          |   105 |    39 |    65 |    61 ||   270
       Headbutt          |    10 |    16 |    42 |    24 ||    92
       Punch             |     3 |     2 |       |       ||     5
       War axe           |       |    75 |   124 |    31 ||   230
       Broad axe         |       |       |       |    47 ||    47
Throw: Stone             |     4 |     6 |       |       ||    10
       Boomerang         |       |    29 |    36 |    45 ||   110
Invok: Berserk           |       |     3 |     6 |     4 ||    13
       Trog's Hand       |       |       |     1 |       ||     1
  Use: Scroll            |       |       |     7 |       ||     7
       Potion            |       |       |     2 |       ||     2
Armor: Animal skin       |     4 |       |       |       ||     4
       Leather armour    |     7 |       |       |       ||     7
       Scale mail        |    16 |    46 |    34 |       ||    96
       Ring mail         |       |       |    25 |    31 ||    56
Dodge: Dodged            |    77 |    68 |    98 |    50 ||   293
Block: Tower shield      |       |       |       |    28 ||    28
